Map: Deathaura LE

Players

LiquidClem (Clem)

  • Race: Terran Terran
  • League: Bronze
  • Spawn Location: 11:00

SpeCial - Winner!

  • Race: Terran Terran
  • League: Diamond
  • Spawn Location: 5:00

Event: DreamHack SC2 Masters 2020 Fall

VOD

Have the link to the VOD?

Description

Time

  • Played on: Sept. 17, 2020, 10:20 a.m.
  • Length: 7:40

All games in this series

Show
View Real Time Build Order
Export as new Build Order

LiquidClem Terran 

Build Orders:  

Get SALT Encoding   

  12  0:00  SCV  
  13  0:12  SCV  
  14  0:17  Supply Depot  
  14  0:24  SCV  
  15  0:38  SCV  
  15  0:39  Barracks  
  16  0:45  Refinery  
  16  0:50  SCV  
  16  0:53  Refinery  
  17  1:03  SCV  
  18  1:15  SCV  
  19  1:26  Reaper  
  19  1:27  Orbital Command  
  19  1:28  Supply Depot  
  20  1:41  Factory  
  20  1:52  SCV  
  21  1:58  Reaper  
  22  2:04  SCV  
  23  2:16  SCV  
  23  2:17  Command Center  
  24  2:25  Hellion  
  26  2:31  Starport  
  26  2:42  Barracks Reactor  
  26  2:44  SCV  
  27  2:47  Hellion  
  27  2:48  Supply Depot  
  29  2:56  SCV  
  30  3:08  SCV, Factory Tech Lab  
  30  3:10  Starport Tech Lab  
  31  3:19  Marine x2  
  33  3:20  SCV  
  33  3:22  Refinery  
  34  3:29  Cyclone  
  34  3:31  Orbital Command  
  34  3:33  SCV  
  38  3:38  Raven  
  40  3:41  Marine x2  
  40  3:45  SCV  
  43  3:48  Bunker  
  43  3:56  SCV  
  43  3:57  SCV  
  43  3:59  Supply Depot  
  45  4:05  Siege Tank  
  48  4:10  SCV x2  
  48  4:12  Marine x2  
  51  4:22  SCV x2  
  45  4:29  Raven, Marine  
  39  4:34  SCV, Marine  
  39  4:36  SCV  
  36  4:46  SCV  
  36  4:47  Marine  
  36  4:48  SCV  
  39  4:55  Siege Tank  
  39  4:56  Marine  
  39  4:58  SCV  
  44  5:00  SCV  
  45  5:10  SCV  
  45  5:12  SCV  
  47  5:23  SCV  
  47  5:24  SCV  
  47  5:25  Viking x2  
  47  5:26  Marine  
  54  5:30  Siege Tank  
  54  5:35  SCV  
  58  5:36  Supply Depot  
  58  5:41  SCV  
  59  5:47  SCV, Marine  
  59  5:54  Barracks  
  59  5:55  Viking  
  59  5:57  Barracks  
  61  6:01  Viking  
  63  6:05  Siege Tank  
  63  6:07  Marine  
  67  6:11  SCV  
  67  6:12  SCV  
  69  6:22  Refinery  
  69  6:23  SCV  
  69  6:24  SCV  
  71  6:28  Engineering Bay  
  71  6:35  Viking  
  73  6:40  Viking  
  73  6:43  Barracks Reactor  
  73  6:44  SCV x2  
  76  6:47  Barracks Reactor  
  76  6:51  Supply Depot, Marine  
  77  6:56  SCV  
  78  7:06  Supply Depot  
  78  7:09  Marine  
  78  7:13  SCV  
  78  7:15  Supply Depot  
  82  7:16  SCV  
  82  7:21  Marine x2  
Show
View Real Time Build Order
Export as new Build Order

SpeCial Terran - Winner!

Build Orders: Gas First Reaper Expand, Liberator Opening 

Get SALT Encoding   

  12  0:00  SCV  
  13  0:12  SCV  
  14  0:16  Supply Depot  
  14  0:24  SCV  
  14  0:27  Refinery  
  15  0:38  SCV  
  16  0:44  Barracks  
  16  0:50  SCV  
  17  1:02  SCV  
  18  1:14  SCV  
  19  1:31  Reaper, Orbital Command  
  20  1:41  Command Center  
  20  1:51  Factory  
  20  1:57  SCV  
  21  2:06  Barracks Reactor  
  21  2:09  SCV  
  21  2:12  Supply Depot  
  22  2:16  Refinery  
  22  2:21  SCV  
  23  2:34  SCV  
  24  2:42  Starport  
  24  2:46  Hellion x2  
  24  2:47  SCV  
  29  2:55  Orbital Command  
  29  3:00  SCV  
  29  3:07  Hellion  
  29  3:08  Hellion  
  33  3:15  SCV  
  33  3:18  Liberator  
  37  3:20  SCV  
  39  3:27  SCV  
  39  3:29  Hellion  
  39  3:31  Hellion  
  43  3:36  Supply Depot  
  43  3:37  Barracks Tech Lab  
  43  3:39  SCV  
  44  3:43  SCV  
  44  3:46  Refinery  
  45  3:51  SCV  
  46  3:58  SCV  
  46  4:01  Starport Tech Lab  
  46  4:02  Marine x2  
  49  4:03  Cyclone  
  49  4:05  SCV  
  49  4:07  Supply Depot  
  53  4:10  SCV  
  54  4:27  Raven  
  54  4:28  SCV  
  54  4:29  SCV, Marine x2  
  54  4:31  Supply Depot  
  55  4:40  SCV  
  55  4:41  SCV  
  55  4:44  Siege Tank  
  54  4:46  Marine x2  
  54  4:51  Command Center  
  54  4:52  SCV  
  57  4:53  SCV  
  58  5:04  SCV, Marine x2  
  58  5:05  SCV  
  62  5:07  Starport  
  62  5:10  Raven, Supply Depot  
  64  5:16  SCV  
  64  5:18  Refinery  
  65  5:22  Marine x2  
  65  5:23  Siege Tank  
  70  5:32  SCV x2  
  70  5:34  Supply Depot  
  74  5:48  SCV  
  75  5:53  Banshee  
  76  5:57  Supply Depot  
  76  6:02  Viking x2, Barracks Tech Lab  
  80  6:05  Orbital Command, Barracks  
  80  6:06  SCV x2  
  80  6:09  Siege Tank  
  80  6:11  Barracks  
  85  6:18  SCV  
  86  6:21  Orbital Command  
  86  6:23  Marine  
  86  6:25  SCV  
  88  6:30  SCV  
  89  6:34  Viking x2  
  89  6:36  Viking  
  89  6:37  SCV  
  96  6:41  Marine  
  96  6:42  SCV  
  96  6:45  Supply Depot  
  98  6:47  SCV  
  98  6:49  SCV  
  98  6:50  Siege Tank  
  98  6:53  Barracks Reactor  
  103  6:54  SCV  
  103  6:57  Refinery  
  103  6:58  Barracks Reactor  
  103  6:59  SCV, Marine  
  103  7:01  SCV, Supply Depot  
  104  7:06  SCV  
  106  7:11  SCV  
  106  7:14  SCV  
  112  7:18  SCV  
  112  7:22  Marine  
  115  7:24  SCV  

Tags
 
Add a new tag
Caveats
  • Supply blocks, unpowered buildings, or Contaminate may cause inaccurate times.
  • Supply counts are checked every 10 seconds.